| TOP OF THE 1ST |
|---|
| Vanderbilt Commodores batting - Pitching for Alabama Crimson Tide : RHP Jamie Kelty | | Pitching: RHP Jamie Kelty | | | Batting: RHB Joe Zinser | 0-0: Foul Ball, location: 2F 0-1: Ball 1-1: Foul Ball, location: 2F 1-2: Ball 2-2: Foul Ball, location: 2F 2-2: Strikes out looking | | Batting: RHB Branden Kramer | 0-0: Ground out 6-3 (Groundball, 6) | | Batting: SHB Justin Daley | 0-0: SINGLE (Popup, 6D) | | Batting: RHB Cody Faulkner | 0-0: Ball 1-0: Fly out, F3 (Popup, 3SF) | | Top of the 1st over - 0 runs, 1 hit, 0 errors, 1 left on base; Vanderbilt 0 - Alabama 0 | | BOTTOM OF THE 1ST |
|---|
| Alabama Crimson Tide batting - Pitching for Vanderbilt Commodores : RHP Mark Novak | | Pitching: RHP Mark Novak | | | Batting: RHB Andy Bishop | 0-0: Ball 1-0: Bunt - Flyout! F1 | | Batting: LHB Ben Grove | 0-0: Fly out, F5 (Line Drive, 56) | | Batting: SHB Steve Hayes | 0-0: Ball 1-0: Ball 2-0: Called Strike 2-1: Ball 3-1: Base on Balls | | Batting: SHB Victor Magallanes | 0-0: Ball Wild Pitch! Steve Hayes to second 1-0: Ball 2-0: Foul Ball, location: 2F 2-1: Foul Ball, location: 2F 2-2: Strikes out swinging | | Bottom of the 1st over - 0 runs, 0 hits, 0 errors, 1 left on base; Vanderbilt 0 - Alabama 0 | | TOP OF THE 2ND |
|---|
| Vanderbilt Commodores batting - Pitching for Alabama Crimson Tide : RHP Jamie Kelty | | Batting: SHB Frank Gaylord | 0-0: Ball 1-0: Ball 2-0: Swinging Strike 2-1: Fly out, F9 (Flyball, 89S) | | Batting: RHB Pat Jackson | 0-0: Called Strike 0-1: Ball 1-1: Swinging Strike 1-2: Fly out, F6 (Popup, 6MD) | | Batting: RHB Justin Fletcher | 0-0: Ball 1-0: Ball 2-0: Ball 3-0: Called Strike 3-1: Called Strike 3-2: Foul Ball, location: 2F 3-2: SINGLE (Line Drive, 4MD) | | Batting: RHB David Richardson | 0-0: Ball 1-0: Foul Ball, location: 2F 1-1: Ball 2-1: Foul Ball, location: 2F 2-2: Ball 3-2: Foul Ball, location: 2F 3-2: Base on Balls Justin Fletcher to second | | Batting: RHB Nick Eminhizer | 0-0: SINGLE (Flyball, 89S) Justin Fletcher to third David Richardson to second | | Batting: RHB Joe Zinser | 0-0: Called Strike 0-1: Fielders Choice at 2nd, 5-4 (Groundball, 5) | | Top of the 2nd over - 0 runs, 2 hits, 0 errors, 3 left on base; Vanderbilt 0 - Alabama 0 | | BOTTOM OF THE 2ND |
|---|
| Alabama Crimson Tide batting - Pitching for Vanderbilt Commodores : RHP Mark Novak | | Batting: RHB Jason Dupree | 0-0: Called Strike 0-1: Ball 1-1: Ball 2-1: Foul Ball, location: 2F 2-2: Strikes out looking | | Batting: LHB Ian Baker | 0-0: Ball 1-0: Ball 2-0: Foul Ball, location: 2F 2-1: SINGLE (Line Drive, 56D) | | Batting: RHB Andrew Mize | Pickoff Throw to First - Error! E1 Ian Baker to second 0-0: Ground out 6-3 (Groundball, 6) | | Batting: RHB Chris Khalife | 0-0: Foul Ball, location: 2F 0-1: Ball 1-1: Ball 2-1: Ball 3-1: Base on Balls | | Batting: RHB Mike Rippen | 0-0: Ball 1-0: Ball 2-0: SINGLE (Line Drive, 7S) Ian Baker to third Chris Khalife to second Runner from 3rd tries for Home, SAFE, no throw | | Batting: RHB Andy Bishop | 0-0: Called Strike 0-1: Ball 1-1: Ball 2-1: Ball 3-1: Base on Balls Chris Khalife to third Mike Rippen to second | | Batting: LHB Ben Grove | 0-0: Ball 1-0: Called Strike 1-1: Ball 2-1: Swinging Strike 2-2: Strikes out swinging | | Bottom of the 2nd over - 1 run, 2 hits, 1 error, 3 left on base; Vanderbilt 0 - Alabama 1 | | TOP OF THE 3RD |
|---|
| Vanderbilt Commodores batting - Pitching for Alabama Crimson Tide : RHP Jamie Kelty | | Batting: RHB Branden Kramer | 0-0: Foul Ball, location: 2F 0-1: Ball 1-1: Fly out, F8 (Flyball, 89XD) | | Batting: SHB Justin Daley | 0-0: Ball 1-0: Ball 2-0: SINGLE (Flyball, 78S) | | Batting: RHB Cody Faulkner | 0-0: Called Strike 0-1: Ball 1-1: Ball 2-1: Called Strike 2-2: Ball 3-2: Grounds into double play, 5-4-3 (Groundball, 56) | | Top of the 3rd over - 0 runs, 1 hit, 0 errors, 0 left on base; Vanderbilt 0 - Alabama 1 | | BOTTOM OF THE 3RD |
|---|
| Alabama Crimson Tide batting - Pitching for Vanderbilt Commodores : RHP Mark Novak | | Batting: SHB Steve Hayes | 0-0: SINGLE (Line Drive, 89S) | | Batting: SHB Victor Magallanes | 0-0: 2-RUN HOME RUN (Flyball, 9LD), Distance : 333 ft | | Batting: RHB Jason Dupree | 0-0: Ground out 5-3 (Groundball, 5) | | Batting: LHB Ian Baker | 0-0: Swinging Strike 0-1: SOLO HOME RUN (Flyball, 89XD), Distance : 389 ft | | Batting: RHB Andrew Mize | 0-0: Ball 1-0: TRIPLE (Line Drive, 9D) | | Batting: RHB Chris Khalife | 0-0: Ball 1-0: Called Strike 1-1: Ground out 1-3 (Groundball, 13) | | Batting: RHB Mike Rippen | 0-0: Ball 1-0: Called Strike 1-1: Ball 2-1: Ball 3-1: Base on Balls | | Batting: RHB Andy Bishop | 0-0: Ball 1-0: Called Strike 1-1: Ball 2-1: Fielders Choice at 2nd, 5-4 (Groundball, 56) | | Bottom of the 3rd over - 3 runs, 4 hits, 0 errors, 2 left on base; Vanderbilt 0 - Alabama 4 | | TOP OF THE 4TH |
|---|
| Vanderbilt Commodores batting - Pitching for Alabama Crimson Tide : RHP Jamie Kelty | | Batting: SHB Frank Gaylord | 0-0: Ball 1-0: Ball 2-0: Ball 3-0: Base on Balls | | Batting: RHB Pat Jackson | 0-0: Ball 1-0: Ball 2-0: Called Strike 2-1: Ball 3-1: Base on Balls Frank Gaylord to second | | Batting: RHB Justin Fletcher | 0-0: Ball 1-0: Fly out, F9 (Flyball, 9D) Runner from 2nd tags up, SAFE at 3rd, no throw | | Batting: RHB David Richardson | 0-0: Called Strike 0-1: Grounds into double play, 6-4-3 (Groundball, 6) | | Top of the 4th over - 0 runs, 0 hits, 0 errors, 1 left on base; Vanderbilt 0 - Alabama 4 | | BOTTOM OF THE 4TH |
|---|
| Alabama Crimson Tide batting - Pitching for Vanderbilt Commodores : RHP Mark Novak | | Batting: LHB Ben Grove | 0-0: Called Strike 0-1: Foul Ball, location: 2F 0-2: Ball 1-2: Strikes out swinging | | Batting: SHB Steve Hayes | 0-0: Ball 1-0: Called Strike 1-1: Ball 2-1: SINGLE (Groundball, 6MD) | | Batting: SHB Victor Magallanes | 0-0: Ball 1-0: 2-RUN HOME RUN (Flyball, 9D), Distance : 367 ft | | Batting: RHB Jason Dupree | 0-0: Called Strike 0-1: Fly out, F7 (Flyball, 78S) | | Batting: LHB Ian Baker | 0-0: Fly out, F5 (Popup, 5F) | | Bottom of the 4th over - 2 runs, 2 hits, 0 errors, 0 left on base; Vanderbilt 0 - Alabama 6 | | TOP OF THE 5TH |
|---|
| Vanderbilt Commodores batting - Pitching for Alabama Crimson Tide : RHP Jamie Kelty | | Batting: RHB Nick Eminhizer | 0-0: Ground out 1-3 (Groundball, P) | | Batting: RHB Joe Zinser | 0-0: Called Strike 0-1: Swinging Strike 0-2: Ball 1-2: Ball 2-2: Strikes out swinging | | Batting: RHB Branden Kramer | 0-0: Ball 1-0: Called Strike 1-1: Ball 2-1: Ball 3-1: Foul Ball, location: 2F 3-2: Base on Balls | | Batting: SHB Justin Daley | 0-0: Foul Ball, location: 2F 0-1: Ball 1-1: Ball 2-1: Ball 3-1: Base on Balls Branden Kramer to second | | Batting: RHB Cody Faulkner | 0-0: Fly out, F8 (Line Drive, 8RM) | | Top of the 5th over - 0 runs, 0 hits, 0 errors, 2 left on base; Vanderbilt 0 - Alabama 6 | | BOTTOM OF THE 5TH |
|---|
| Alabama Crimson Tide batting - Pitching for Vanderbilt Commodores : RHP Mark Novak | | Batting: RHB Andrew Mize | 0-0: Ball 1-0: Foul Ball, location: 2F 1-1: Called Strike 1-2: Ball 2-2: Ball 3-2: Base on Balls | | Batting: RHB Chris Khalife | 0-0: Swinging Strike 0-1: Ball 1-1: Called Strike 1-2: Ball 2-2: Fly out, F9 (Flyball, 89D) | | Batting: RHB Mike Rippen | 0-0: Called Strike Andrew Mize is caught stealing 2nd base 0-1: Ball 1-1: Foul Ball, location: 2F 1-2: Ball 2-2: Foul Ball, location: 2F 2-2: Strikes out swinging | | Bottom of the 5th over - 0 runs, 0 hits, 0 errors, 0 left on base; Vanderbilt 0 - Alabama 6 | | TOP OF THE 6TH |
|---|
| Vanderbilt Commodores batting - Pitching for Alabama Crimson Tide : RHP Jamie Kelty | | Batting: SHB Frank Gaylord | 0-0: Called Strike 0-1: Foul Ball, location: 2F 0-2: Ball 1-2: Ball 2-2: Ball 3-2: Base on Balls | | Batting: RHB Pat Jackson | 0-0: Foul Ball, location: 2F 0-1: Ball 1-1: Ball 2-1: SINGLE (Flyball, 78S) Frank Gaylord to second | | Pitching: LHP John Davis | | | Batting: RHB Justin Fletcher | 0-0: Called Strike 0-1: Ball 1-1: Fly out, F7 (Flyball, 78D) | | Batting: RHB David Richardson | 0-0: Ball 1-0: Fielders Choice at 2nd, 6-4 (Groundball, 6) Frank Gaylord to third | | Batting: RHB Nick Eminhizer | 0-0: Called Strike 0-1: Foul Ball, location: 2F 0-2: Strikes out swinging | | Top of the 6th over - 0 runs, 1 hit, 0 errors, 2 left on base; Vanderbilt 0 - Alabama 6 | | BOTTOM OF THE 6TH |
|---|
| Alabama Crimson Tide batting - Pitching for Vanderbilt Commodores : RHP Mark Novak | | Batting: RHB Andy Bishop | 0-0: Called Strike 0-1: Foul Ball, location: 2F 0-2: Ground out 5-3 (Groundball, 5S) | | Batting: LHB Ben Grove | 0-0: Ground out 4-3 (Groundball, 34D) | | Batting: SHB Steve Hayes | 0-0: Ball 1-0: Ground out U3 (Groundball, 34S) | | Bottom of the 6th over - 0 runs, 0 hits, 0 errors, 0 left on base; Vanderbilt 0 - Alabama 6 | | TOP OF THE 7TH |
|---|
| Vanderbilt Commodores batting - Pitching for Alabama Crimson Tide : LHP John Davis | | Batting: RHB Joe Zinser | 0-0: Ball 1-0: Ball 2-0: Ball 3-0: Base on Balls | | Batting: RHB Branden Kramer | 0-0: Called Strike 0-1: Ball 1-1: Foul Ball, location: 2F 1-2: Strikes out swinging | | Batting: SHB Justin Daley | 0-0: Called Strike 0-1: Ball 1-1: Swinging Strike 1-2: Ball 2-2: SINGLE (Groundball, 6MD) Joe Zinser to second Joe Zinser to third | | Batting: RHB Cody Faulkner | 0-0: Ball 1-0: Called Strike 1-1: Ball 2-1: Fly out, F9 (Flyball, 9LSF) Runner from 3rd tags up, SCORES, no throw | | Batting: SHB Frank Gaylord | 0-0: Ball 1-0: Ball 2-0: Called Strike 2-1: Ball 3-1: Base on Balls Justin Daley to second | | Batting: RHB Pat Jackson | 0-0: Swinging Strike 0-1: Foul Ball, location: 2F 0-2: Ball 1-2: Foul Ball, location: 2F 1-2: Strikes out swinging | | Top of the 7th over - 1 run, 1 hit, 0 errors, 2 left on base; Vanderbilt 1 - Alabama 6 | | BOTTOM OF THE 7TH |
|---|
| Alabama Crimson Tide batting - Pitching for Vanderbilt Commodores : RHP Mark Novak | | Pitching: RHP Andy Coody | | | Batting: SHB Victor Magallanes | 0-0: Called Strike 0-1: Ball 1-1: Ball 2-1: Swinging Strike 2-2: Strikes out looking | | Batting: RHB Jason Dupree | 0-0: Called Strike 0-1: Called Strike 0-2: Foul Ball, location: 2F 0-2: Ball 1-2: Ball 2-2: Foul Ball, location: 2F 2-2: Ball 3-2: Base on Balls | | Batting: LHB Ian Baker | 0-0: Fly out, F8 (Flyball, 8RD) | | Batting: RHB Andrew Mize | 0-0: Called Strike 0-1: Ball 1-1: Ball 2-1: Swinging Strike 2-2: Strikes out swinging | | Bottom of the 7th over - 0 runs, 0 hits, 0 errors, 1 left on base; Vanderbilt 1 - Alabama 6 | | TOP OF THE 8TH |
|---|
| Vanderbilt Commodores batting - Pitching for Alabama Crimson Tide : LHP John Davis | | Now at 3B: Joe Duffee | | | Batting: RHB Justin Fletcher | 0-0: Ball 1-0: Ball 2-0: Ball 3-0: Called Strike 3-1: Ground out 5-3 (Groundball, 56S) | | Pitching: LHP Garret Lynes | | | Batting: RHB David Richardson | 0-0: Foul Ball, location: 2F 0-1: Ball 1-1: Foul Ball, location: 2F 1-2: Strikes out swinging | | Batting: RHB Nick Eminhizer | 0-0: Ball 1-0: Foul Ball, location: 2F 1-1: Foul Ball, location: 2F 1-2: Ball 2-2: Foul Ball, location: 2F 2-2: Ball 3-2: Foul Ball, location: 2F 3-2: SINGLE (Groundball, 56D) | | Batting: RHB Joe Zinser | 0-0: Swinging Strike 0-1: Ball 1-1: Ball 2-1: Ball 3-1: Base on Balls Nick Eminhizer to second | | Batting: RHB Branden Kramer | 0-0: Ball 1-0: Called Strike 1-1: Ball 2-1: Swinging Strike 2-2: Foul Ball, location: 2F 2-2: Strikes out swinging | | Top of the 8th over - 0 runs, 1 hit, 0 errors, 2 left on base; Vanderbilt 1 - Alabama 6 | | BOTTOM OF THE 8TH |
|---|
| Alabama Crimson Tide batting - Pitching for Vanderbilt Commodores : RHP Andy Coody | | Batting: RHB Chris Khalife | 0-0: Foul Ball, location: 2F 0-1: Ball 1-1: Swinging Strike 1-2: Ball 2-2: Foul Ball, location: 2F 2-2: SINGLE (Line Drive, 8LS) | | Batting: RHB Mike Rippen | 0-0: Ball 1-0: Called Strike 1-1: Called Strike 1-2: Ball 2-2: Strikes out looking | | Batting: RHB Andy Bishop | 0-0: Ball 1-0: Swinging Strike 1-1: Called Strike 1-2: Foul Ball, location: 2F 1-2: Ball 2-2: Strikes out swinging | | Batting: LHB Ben Grove | 0-0: Fly out, F9 (Flyball, 89S) | | Bottom of the 8th over - 0 runs, 1 hit, 0 errors, 1 left on base; Vanderbilt 1 - Alabama 6 | | TOP OF THE 9TH |
|---|
| Vanderbilt Commodores batting - Pitching for Alabama Crimson Tide : LHP Garret Lynes | | Batting: SHB Justin Daley | 0-0: Ground out 4-3 (Groundball, 4MS) | | Batting: RHB Cody Faulkner | 0-0: Called Strike 0-1: Called Strike 0-2: Strikes out swinging | | Batting: SHB Frank Gaylord | 0-0: Foul Ball, location: 2F 0-1: Swinging Strike 0-2: Ball 1-2: SINGLE (Groundball, 56D) | | Batting: RHB Pat Jackson | 0-0: Foul Ball, location: 2F 0-1: Fly out, F8 (Flyball, 8RD) | | Top of the 9th over - 0 runs, 1 hit, 0 errors, 1 left on base; Vanderbilt 1 - Alabama 6 | |